 Dungeon Crawl Stone Soup version 0.30-a0-632-g346586fe48 (webtiles) character file.

Game seed: 11076202195254999455

11225 dracfodder the Geomancer (level 11, -1/60 HPs)
             Began as a Gargoyle Earth Elementalist on Jan 14, 2023.
             Was a Believer of Vehumet.
             Slain by a yak (8 damage)
             ... on level 11 of the Dungeon.
             The game lasted 00:59:56 (10694 turns).

dracfodder the Geomancer (GrEE)                    Turns: 10694, Time: 00:59:57

Health: -1/60      AC: 17    Str: 12    XL:     11   Next: 74%
Magic:  23/26      EV: 12    Int: 32    God:    Vehumet [**....]
Gold:   567        SH:  0    Dex: 10    Spells: 21/32 levels left

rFire   . . .      SeeInvis .    a - +3 falchion (venom)
rCold   . . .      Faith    .    (no shield)
rNeg    + . .      Spirit   .    g - +3 leather armour {Will+}
rPois   ∞          Reflect  .    j - +2 hat
rElec   +          Harm     .    (no cloak)
rCorr   .          Rampage  .    y - +0 pair of gloves
Will    ++...                    (no boots)
Stlth   ++                       (no amulet)
HPRegen 0.30/turn                u - +6 ring of intelligence
MPRegen 0.20/turn                r - +6 ring of intelligence

@: no status effects
A: sickness immunity, AC +8, negative energy resistance 1, electricity
resistance, torment resistance 1, petrification resistance, antennae 1,
strong-willed 1
a: Renounce Religion


You were on level 11 of the Dungeon.
You worshipped Vehumet.
Vehumet was pleased with you.
You visited 2 branches of the dungeon, and saw 12 of its levels.

You collected 632 gold pieces.
You spent 65 gold pieces at shops.

Inventory:

Hand Weapons
 a - a +3 falchion of venom (weapon)
 b - a +0 sling of flaming
 l - a +1 long sword of holy wrath
 E - the +1 falchion "Wessoumo" {flame, Str+4}
   (You found it on level 10 of the Dungeon)

   Str:       It affects your strength (+4).
Missiles
 x - 3 throwing nets
Armour
 c - a +2 robe
 g - a +3 leather armour of willpower (worn)
 j - a +2 hat (worn)
 y - a +0 pair of gloves (worn)
Jewellery
 e - a +4 ring of protection
 m - a ring of protection from cold
 n - a ring of protection from fire
 r - a +6 ring of intelligence (right hand)
 u - a +6 ring of intelligence (left hand)
Wands
 h - a wand of charming (6)
 o - a wand of flame (17)
 w - a wand of mindburst (4)
 C - a wand of digging (7)
Scrolls
 i - a scroll of amnesia
 t - 2 scrolls of teleportation
 z - a scroll of brand weapon
 A - 2 scrolls of poison
 B - 2 scrolls of noise {unknown}
 D - a scroll of identify
Potions
 d - a potion of curing
 k - a potion of lignification
 p - 2 potions of flight
 q - 3 potions of brilliance
 s - a potion of heal wounds
 v - a potion of magic
Miscellaneous
 f - a piece from Xom's chessboard (15/15)


   Skills:
 + Level 3.8 Fighting
 + Level 2.5 Long Blades
 + Level 0.5 Ranged Weapons
 + Level 4.3 Armour
 + Level 3.0 Dodging
 + Level 4.7 Stealth
 + Level 11.1 Spellcasting
 + Level 4.0 Conjurations
 + Level 1.3 Transmutations
 + Level 0.9 Fire Magic
 + Level 12.9 Earth Magic
 + Level 1.0 Evocations


You had 21 spell levels left.
You knew the following spells:

 Your Spells              Type           Power      Damage    Failure   Level
a - Sandblast             Erth           100%       2d20      1%          1
b - Passwall              Tmut/Erth      49%        N/A       1%          2
c - Stone Arrow           Conj/Erth      100%       3d13      1%          3
d - Petrify               Tmut/Erth      59%        N/A       1%          4
e - Foxfire               Conj/Fire      100%       2x1d9     1%          1

Your spell library contained the following spells:

 Spells                   Type           Power      Damage    Failure   Level
 Static Discharge         Conj/Air       60%        2-5/arc   2%          2
 Momentum Strike          Conj/Tloc      60%        3d9       2%          2
 Freeze                   Ice            68%        1d8       3%          1
 Summon Small Mammal      Summ           68%        N/A       3%          1
 Blink                    Tloc           34%        N/A       5%          2
 Ensorcelled Hibernation  Hex/Ice        34%        N/A       5%          2
 Spider Form              Tmut/Pois      22%        N/A       8%          3
 Lesser Beckoning         Tloc           34%        N/A       11%         3
 Tukima's Dance           Hex            17%        N/A       11%         3
 Anguish                  Hex/Necr       8%         N/A       34%         4
 Cause Fear               Hex            8%         N/A       34%         4
 Passage of Golubria      Tloc           17%        N/A       34%         4
 Yara's Violent Unravell  Hex/Tmut       11%        3d6       58%         5
 Dragon Form              Tmut           13%        N/A       100%        7
 Dragon's Call            Summ           8%         N/A       100%        9


Dungeon Overview and Level Annotations

Branches:
Dungeon (11/15)            Temple (1/1) D:6            Lair (0/5) D:9
    Orc (0/2) D:9

Altars:
Ashenzari
Cheibriados
Dithmenos
Elyvilon
Fedhas
Gozag
Hepliaklqana
Kikubaaqudgha
Makhleb
Nemelex Xobeh
Okawaru
Qazlal
Ru
Sif Muna
Trog
Uskayaw
Vehumet
Wu Jian
Xom
Yredelemnul
Zin
The Shining One

Shops:
D:6 *   D:7 (

Annotations:
D:8 2 transporters, sigtrap's ghost, novice GnBe


Innate Abilities, Weirdness & Mutations

You are immune to sickness and miasma.
Your stone body is resilient. (AC +8)
You are immune to poison.
You resist negative energy. (rN+)
You are resistant to electric shocks. (rElec)
You are resistant to unholy torment.
You are immune to petrification.
You have a pair of small antennae on your head.
You are strong-willed. (Will+)


Message History

Press: ? - help, Shift-Dir - straight line, f - yak
Aim: a yak (87% to hit)
The stone arrow hits the yak!!
The yak is heavily wounded.
The gnoll shouts!
You hear a shout!
The yak barely misses you. The yak gores you!
The yak gores you but does no damage.
Casting: Stone Arrow (safe; 1% risk of failure)
Confirm with . or Enter, or press ? or * to list all spells.
Aiming: Stone Arrow (safe; 1% risk of failure)
Press: ? - help, Shift-Dir - straight line, f/p - yak
Aim: a yak (heavily wounded, 87% to hit)
The stone arrow misses the yak.
The yak gores you. The yak closely misses you. x2
Casting: Stone Arrow (safe; 1% risk of failure)
Confirm with . or Enter, or press ? or * to list all spells.
Aiming: Stone Arrow (safe; 1% risk of failure)
Press: ? - help, Shift-Dir - straight line, f/p - yak
Aim: a yak (heavily wounded, 87% to hit)
The stone arrow misses the yak.
The yak closely misses you. The yak gores you but does no damage.
The yak closely misses you. Magic courses through your body.
The yak closely misses you.
The gnoll sergeant hits you from afar with a +5 spear of flaming!
* * * LOW HITPOINT WARNING * * *
The gnoll sergeant burns you.
* * * LOW HITPOINT WARNING * * *
A gnoll comes into view. It is wielding a +0 whip.
The yak gores you.
* * * LOW HITPOINT WARNING * * *
The yak gores you but does no damage.
Casting: Stone Arrow (safe; 1% risk of failure)
Confirm with . or Enter, or press ? or * to list all spells.
Aiming: Stone Arrow (safe; 1% risk of failure)
Press: ? - help, Shift-Dir - straight line, f/p - yak
Aim: a yak (heavily wounded, 87% to hit)
The stone arrow hits the yak!
The yak is almost dead.
The yak barely misses you. The yak gores you.
* * * LOW HITPOINT WARNING * * *
The yak gores you!
You die...

#.......................
#......#######'#......(.
#......#.......#........
#+#......#.......#.....###
.........#.......#.....#
.........#.......#.....#
.........#########.....#
..............g.YY.....#
.######...g...g.@Y.....# .
#.......#####....# #
#.......# #....# #.....###
#....+ #.....# #.Y.Y#
#.....# #....# #...###
#..Y.. #...# #..Y..# #...#


You could see 3 yaks, a gnoll sergeant and 2 gnolls.

Vanquished Creatures
  Harold (D:9)
  A boulder beetle (D:9)
  A two-headed ogre (D:10)
  Maggie (D:7)
  2 kobold demonologists
  A rime drake (D:9)
  2 trolls
  A polar bear (D:9)
  Grinder (D:3)
  4 hornets
  2 wyverns
  A vampire (D:9)
  7 yaks
  A shadow (D:10)
  A basilisk (D:9)
  A steam dragon (D:8)
  5 vampire mosquitoes
  10 orc warriors
  6 ice beasts
  An ogre (D:6)
  A wolf (D:9)
  4 centaurs
  A kobold brigand (D:11)
  Blork the orc (D:5)
  2 necrophages (D:5)
  3 bullfrogs
  2 scorpions (D:5)
  11 wights
  7 killer bees (D:9)
  3 hounds
  7 orc priests
  5 jellies
  Terence (D:3)
  7 orc wizards
  4 adders
  A shadow imp (D:7)
  3 white imps
  A worm (D:3)
  3 dart slugs
  34 orcs
  3 ball pythons
  8 endoplasms
  A giant cockroach (D:3)
  3 goblins
  7 hobgoblins
  7 jackals
  3 quokkas
  8 bats
  3 frilled lizards
  8 kobolds
  2 rats (D:3)
204 creatures vanquished.

Vanquished Creatures (others)
  77 foxfires
  A plant (D:6)
78 creatures vanquished.

Grand Total: 282 creatures vanquished

Notes
Turn   | Place    | Note
-------+----------+-------------------------------------------
     0 | D:1      | dracfodder the Gargoyle Earth Elementalist began the quest
                  | for the Orb.
     0 | D:1      | Reached XP level 1. HP: 10/10 MP: 3/3
   176 | D:1      | Reached XP level 2. HP: 15/15 MP: 3/5
   179 | D:1      | Learned a level 2 spell: Passwall
   379 | D:1      | Reached skill level 4 in Earth Magic
   784 | D:2      | Reached XP level 3. HP: 19/19 MP: 3/6
  1519 | D:2      | Learned a level 3 spell: Stone Arrow
  1626 | D:3      | Reached XP level 4. HP: 24/24 MP: 2/8
  1692 | D:3      | Noticed Grinder
  1704 | D:3      | Killed Grinder
  1705 | D:3      | Reached skill level 5 in Earth Magic
  1705 | D:3      | Reached XP level 5. HP: 26/28 MP: 4/10
  1705 | D:3      | Reached XP level 6. HP: 30/32 MP: 4/11
  1883 | D:3      | Noticed Terence
  1891 | D:3      | Killed Terence
  1990 | D:3      | Found an iron altar of Okawaru.
  2074 | D:3      | Reached skill level 6 in Earth Magic
  3722 | D:5      | Entered Level 5 of the Dungeon
  3733 | D:5      | Noticed an ice beast
  3739 | D:5      | Killed an ice beast
  3740 | D:5      | Reached skill level 1 in Armour
  3740 | D:5      | Reached XP level 7. HP: 36/36 MP: 8/14
  3793 | D:5      | Noticed Blork the orc
  3808 | D:5      | Killed Blork the orc
  3809 | D:5      | Reached skill level 5 in Spellcasting
  4211 | D:5      | Reached skill level 1 in Conjurations
  4211 | D:5      | Reached skill level 7 in Earth Magic
  4211 | D:5      | Reached XP level 8. HP: 41/41 MP: 9/16
  4290 | D:5      | Found a blossoming altar of Fedhas.
  4672 | D:6      | Reached skill level 1 in Transmutations
  5137 | D:6      | Found a staircase to the Ecumenical Temple.
  5207 | Temple   | Entered the Ecumenical Temple
  5310 | Temple   | Became a worshipper of Vehumet
  5453 | D:6      | Reached skill level 1 in Fighting
  5542 | D:6      | Found Rygodum's General Store.
  5628 | D:6      | Bought a potion of brilliance for 52 gold pieces
  5628 | D:6      | Bought a potion of degeneration for 13 gold pieces
  5798 | D:6      | Found a sparkling altar of Nemelex Xobeh.
  5821 | D:6      | Found a white marble altar of Elyvilon.
  5952 | D:6      | Found a shimmering blue altar of Sif Muna.
  6071 | D:6      | Got Sif Muna's Anthology of Rallying
  6075 | D:6      | Got Sif Muna's Reference Book on Cryomancy
  6117 | D:7      | Learned a level 4 spell: Petrify
  6249 | D:7      | Noticed Maggie
  6267 | D:7      | Killed Maggie
  6268 | D:7      | Reached skill level 1 in Long Blades
  6268 | D:7      | Reached skill level 8 in Earth Magic
  6268 | D:7      | Reached XP level 9. HP: 31/47 MP: 3/19
  6410 | D:7      | Noticed a troll
  6416 | D:7      | Killed a troll
  6492 | D:7      | Found Alit's Weapon Shoppe.
  6529 | D:7      | Found an opulent altar of Gozag.
  6765 | D:8      | Found an ornate altar of the Wu Jian Council.
  6769 | D:7      | Reached skill level 9 in Earth Magic
  6899 | D:8      | Noticed a troll
  6902 | D:8      | Noticed sigtrap's ghost (novice GnBe)
  6982 | D:8      | Found a transporter.
  6983 | D:8      | Noticed a tengu conjurer
  6989 | D:8      | Noticed a manticore
  6992 | D:8      | Found a transporter.
  7043 | D:8      | Found a glowing golden altar of the Shining One.
  7533 | D:8      | Noticed a hornet
  7538 | D:8      | Killed a hornet
  7667 | D:8      | Gained mutation: You have hidden genetic potential. [potion
                  | of mutation]
  7851 | D:9      | Noticed a kobold demonologist
  7857 | D:9      | Noticed a red devil
  7857 | D:9      | Killed a kobold demonologist
  7885 | D:9      | Reached * piety under Vehumet
  7885 | D:9      | Offered knowledge of Shock by Vehumet.
  7886 | D:9      | Reached skill level 10 in Earth Magic
  7927 | D:9      | Noticed a hornet
  7931 | D:9      | Reached XP level 10. HP: 56/56 MP: 19/22
  8104 | D:9      | Gained mutation: You are strong-willed. (Will+) [hidden
                  | potential]
  8224 | D:9      | Found a staircase to the Orcish Mines.
  8646 | D:9      | Found a staircase to the Lair.
  8652 | D:9      | Reached skill level 11 in Earth Magic
  8849 | D:9      | Noticed a boulder beetle
  8856 | D:9      | Killed a boulder beetle
  8857 | D:9      | Reached skill level 10 in Spellcasting
  8980 | D:9      | Reached ** piety under Vehumet
  8981 | D:9      | Reached XP level 11. HP: 60/60 MP: 20/25
  9058 | D:9      | Offered knowledge of Foxfire by Vehumet.
  9066 | D:9      | Learned a level 1 spell: Foxfire
  9081 | D:9      | Noticed Harold
  9092 | D:9      | Killed Harold
  9093 | D:9      | Reached skill level 12 in Earth Magic
  9366 | D:9      | Gained mutation: You have a pair of small antennae on your
                  | head. [hidden potential]
  9366 | D:9      | Lost mutation: You have hidden genetic potential. [hidden
                  | potential expressed]
  9537 | D:10     | Entered Level 10 of the Dungeon
  9614 | D:10     | Found a snail-covered altar of Cheibriados.
  9618 | D:10     | Noticed a two-headed ogre
  9634 | D:10     | Killed a two-headed ogre
 10051 | D:10     | Identified the +1 falchion "Wessoumo" {flame, Str+4}
 10536 | D:11     | Offered knowledge of Static Discharge by Vehumet.
 10690 | D:11     | Reached skill level 1 in Evocations
 10694 | D:11     | Slain by a yak

Illustrated notes

Levels and vault maps discovered:
D:1:      dpeg_arrival_round_c, layout_rooms
D:2:      layout_basic
D:3:      layout_basic, general_overflow_altar, uniq_terence, uniq_grinder
D:4:      layout_loops_ring, kennysheep_minor_cross
D:5:      layout_rooms, kennysheep_little_box, kennysheep_decorative_pillar,
          uniq_blork_the_orc
D:6:      layout_loops_ring, nicolae_elyvilon_temple_path,
          nicolae_sif_muna_little_library, mainiacjoe_overflow_alcove_4,
          temple_hall, serial_shops, nicolae_shop_trees
D:7:      layout_cave_pools, amcnicky_altar_gilded, serial_shops, shop,
          uniq_maggie
D:8:      layout_layer_cave, mainiacjoe_overflow_concentric_impassable,
          tso_oasis_becter, nzn_ghost_randoct, hellmonk_bongcloud_opening,
          minivault_1
D:9:      layout_basic, hellmonk_lair_entry_icy, david_orc_5, nzn_life_drinkers,
          uniq_harold
D:10:     layout_rooms, kennysheep_slug_shrine, serial_curves, eino_curves_04,
          eino_curves_03
D:11:     layout_irregular_city, grunt_decor_clamped
Temple:   dshaligram_water_room_temple

Skill      XL: |  1  2  3  4  5  6  7  8  9 10 11 |
---------------+----------------------------------+-----
Earth Magic    | 4 5 6 7 8 10 11 12 | 12.9
Spellcasting   | 3 4 5 6 8 10 11 | 11.1
Armour         | 1 3 4 |  4.3
Stealth        | 3 4 |  4.7
Dodging        | 2 3 |  3.0
Conjurations   | 1 2 3 4 |  4.0
Transmutations | 1 |  1.3
Fighting       | 1 3 |  3.8
Long Blades    | 1 2 |  2.5
Evocations     | 1 |  1.0
Ranged Weapons | |  0.5
Fire Magic     | |  0.9

Action                   |  1- 3 |  4- 6 |  7- 9 | 10-12 || total
-------------------------+-------+-------+-------+-------++-------
Melee: Falchion          |     8 |    35 |    19 |    59 ||   121
       Punch             |       |       |       |     1 ||     1
 Fire: Sling             |       |       |     2 |       ||     2
 Cast: Sandblast         |    47 |    47 |    65 |   142 ||   301
       Stone Arrow       |       |    10 |    37 |    32 ||    79
       Passwall          |       |       |     4 |       ||     4
       Petrify           |       |       |     1 |     2 ||     3
       Foxfire           |       |       |       |    46 ||    46
Evoke: Wand              |       |       |     6 |     3 ||     9
  Use: Scroll            |     3 |     9 |     7 |     1 ||    20
       Potion            |       |       |     2 |     7 ||     9
Armor: Robe              |     9 |       |       |       ||     9
       Leather armour    |     1 |    49 |    42 |   102 ||   194
       Skin              |       |       |       |    75 ||    75
Dodge: Dodged            |    21 |    21 |    56 |   105 ||   203

Table legend: (Time is in decaauts)
 A = Elapsed time spent in this place.
 B = Non-inter-level travel time spent in this place.
 C = Inter-level travel time spent in this place.
 D = Time resting spent in this place.
 E = Time spent auto-exploring this place.
 F = Levels seen in this place.
 G = Mean time per level.
                   A        B        C        D        E       F      G
               +--------+--------+--------+--------+--------+-----+--------+
         Total |  10873 |  10390 |    483 |   2445 |   6014 |  12 |  906.1 |
       Dungeon |  10760 |  10285 |    475 |   2445 |   5954 |  11 |  978.2 |
        Temple |    112 |    104 |      8 |      0 |     60 |   1 |  112.0 |
               +--------+--------+--------+--------+--------+-----+--------+

Top non-repeatable levels by time:
     D:9: 1758 daAuts
     D:6: 1346 daAuts
     D:3: 1241 daAuts
     D:8: 1065 daAuts
     D:4: 968 daAuts
    D:10: 955 daAuts
     D:5: 902 daAuts
     D:2: 883 daAuts
     D:7: 724 daAuts
     D:1: 685 daAuts
    D:11: 228 daAuts
  Temple: 112 daAuts
